 Dungeon Crawl Stone Soup version 0.29.1-12-g30fa7ad0bf (webtiles) character file.

Game seed: 14856342463509307096

44 xian the Sneak (level 3, -1/26 HPs)
             Began as an Octopode Delver on Dec 17, 2022.
             Slain by an endoplasm (2 damage)
             ... on level 3 of the Dungeon.
             The game lasted 00:05:57 (1806 turns).

xian the Sneak (Octopode Delver)                    Turns: 1806, Time: 00:05:57

Health: -1/26      AC:  1    Str: 13    XL:     3   Next: 60%
Magic:  21/21      EV: 13    Int: 14    God:
Gold:   116        SH:  0    Dex: 13    Spells: 2/2 levels left

rFire   . . .      SeeInvis .   s - +8 whip "Qukor" {freeze, rC+ Will- MP+9 Int+2}
rCold   + . .      Faith    .   (no shield)
rNeg    . . .      Spirit   .   (helmet restricted)
rPois   .          Reflect  .   (no amulet)
rElec   .          Harm     .   j - ring of magical power
rCorr   .          Rampage  .   n - ring of wizardry
Will    .....                   (no ring)
Stlth   +++++.....              (no ring)
HPRegen 0.08/turn               (no ring)
MPRegen 0.17/turn               (no ring)
                                (no ring)
                                (no ring)

@: no status effects
A: almost no armour, amphibious, 8 rings, camouflage 1, gelatinous body 1,
(nimble swimmer 1), tentacles
a: no special abilities


You were on level 3 of the Dungeon.
You visited 1 branch of the dungeon, and saw 3 of its levels.

You collected 116 gold pieces.

Inventory:

Hand Weapons
 s - the +8 whip "Qukor" (weapon) {freeze, rC+ Will- MP+9 Int+2}
   (You found it on level 3 of the Dungeon)

   It freezes those it strikes, dealing additional cold damage.
   It can also slow down cold-blooded creatures.
   Int:       It affects your intelligence (+2).
   rC:        It protects you from cold.
   MP:        It affects your magic capacity (+9).
   Will:      It decreases your willpower.
Missiles
 o - 3 atropa-tipped darts (quivered)
 r - 6 boomerangs
Jewellery
 j - a ring of magical power (left tentacle)
 n - a ring of wizardry (right tentacle)
Wands
 f - a wand of digging (3)
 i - a wand of mindburst (13)
Scrolls
 b - a scroll of fog
 c - a scroll of magic mapping
 d - a scroll of fear
 e - a scroll of silence {unknown}
 g - 2 scrolls of identify {unknown}
 k - a scroll of blinking {unknown}
 m - 2 scrolls of teleportation {unknown}
 q - a scroll of summoning {unknown}
Potions
 h - a potion of flight {unknown}
 l - a potion of invisibility {unknown}
 p - 2 potions of curing {unknown}


   Skills:
 + Level 3.3 Fighting
 + Level 2.2 Axes
 + Level 2.1 Dodging
 + Level 7.6 Stealth


You had 2 spell levels left.
You didn't know any spells.
Your spell library was empty.

Dungeon Overview and Level Annotations

Branches:
Dungeon (5/15)
 Temple: D:4-7

Altars:

Shops:
D:3 :


Innate Abilities, Weirdness & Mutations

You cannot wear most types of armour.
You are amphibious.
You can wear up to eight rings at the same time.
Your skin changes colour to match your surroundings (Stealth+).
Your rubbery body absorbs attacks. (AC +1, EV +1)
((You are camouflaged when in or above water. (Stealth+)))
You have tentacles for arms and can constrict up to eight enemies at once.


Message History

s - the +8 whip "Qukor" {freeze, rC+ Will- MP+9 Int+2}
Okay, then.
You feel clever.
The +8 whip "Qukor" {freeze, rC+ Will- MP+9 Int+2} glows with a cold blue light!
s - the +8 whip "Qukor" (weapon)
{freeze, rC+ Will- MP+9 Int+2} You drop a +0 hand axe.
Magic restored.
Found a stone staircase leading down.
There is an entrance to Ryaz's Book Shop here.
You now have 104 gold pieces (gained 16).
You now have 116 gold pieces (gained 12).
The orc shouts! x3; The orc wizard shouts!
The orc hits you but does no damage.
You whack the orc! You freeze the orc.
You kill the orc!
You hit the orc. You freeze the orc. You grab the orc.
The orc is heavily wounded.
You constrict the orc. The orc hits you with a +0 club.
You hit the orc. You freeze the orc.
You kill the orc!
The endoplasm freezes you.
You are frozen.
You resist.
A dart slug comes into view.
The endoplasm hits you.
Items here: )) ††.
You hit the orc wizard. You freeze the orc wizard. You grab the orc wizard.
You squeeze the orc wizard.
The orc wizard is severely wounded.
You constrict the orc wizard.
The orc wizard gestures at you while chanting.
The puff of flame hits you! The endoplasm freezes you.
You are frozen.
You resist. The endoplasm hits you. The orc wizard casts a spell at you.
The magic dart hits you!
* * * LOW HITPOINT WARNING * * *
You hit the orc wizard. You freeze the orc wizard.
You kill the orc wizard!
The endoplasm hits you.
You die...

..######...###### #.#####.#.....#
### #...# #.......####### # #...#
#.....### # #...# #####.# ### # #
#...# ####.#####.. # ####.####
#....)..##.# # #.......#
#.##.##.##.### #
#.##.##.#######.##.##.##.#..
######.##.......@o.w..#..)......#
...........#.##J##.#..####.##....
##.###.#####.##.# # #.###### ##.#
#.#####.##.# ..#
...###.......##<# ####
##........#####.. ##.######.# ###
...# ###.### #### #.....#


You could see a dart slug, an orc and an endoplasm.

Vanquished Creatures
  An orc wizard (D:3)
  An adder (D:4)
  An ufetubus (D:5)
  2 worms (D:3)
  3 orcs (D:3)
  An endoplasm (D:3)
  A giant cockroach (D:3)
  A goblin (D:3)
  4 hobgoblins
  A kobold (D:3)
  A quokka (D:3)
  A ball python (D:4)
  A frilled lizard (D:3)
  2 rats (D:3)
21 creatures vanquished.

Notes
Turn   | Place    | Note
-------+----------+-------------------------------------------
     0 | D:5      | xian the Octopode Delver began the quest for the Orb.
     0 | D:5      | Reached XP level 1. HP: 16/16 MP: 1/1
   239 | D:4      | Reached skill level 7 in Stealth
   239 | D:4      | Reached XP level 2. HP: 21/21 MP: 2/2
   646 | D:4      | Noticed a phantom
   981 | D:3      | Reached XP level 3. HP: 19/26 MP: 3/3
  1132 | D:3      | Found Ryaz's Book Shop.
  1690 | D:3      | Identified the +8 whip "Qukor" {freeze, rC+ Will- MP+9
                  | Int+2}
  1805 | D:3      | HP: 1/26 [orc wizard/magic dart (8)]
  1806 | D:3      | Slain by an endoplasm

Illustrated notes

Levels and vault maps discovered:
D:3:      layout_loops_cross, serial_shops, nicolae_shop_trees, shop,
          uniq_terence
D:4:      layout_basic, lemuel_doored_altar, minmay_misc_feat_x,
          uniq_blork_the_orc
D:5:      layout_rooms, mainiacjoe_overflow_surrounded_room, xom_butterflies,
          minmay_temple_entry_nine_rooms

Skill      XL: |  1 |
---------------+----+-----
Stealth        | 7 |  7.6
Fighting       | |  3.3
Axes           | |  2.2
Dodging        | |  2.1

Action                   || total
-------------------------++-------
Melee: Hand axe          ||    41
       Tentacles         ||    10
       Constrict         ||    11
       Whip              ||     5
  Use: Potion            ||     1
 Stab: Sleeping          ||     8
Armor: Skin              ||     3
Dodge: Dodged            ||    13
